 Dungeon Crawl Stone Soup version 0.24.0-123-gd5b16e6ec5 (webtiles) character file.

Game seed: 10232738716191679795, levelgen mode: deterministic

109 Blejac999 the Cutter (level 5, 0/33 HPs)
             Began as a Kobold Berserker on Dec 19, 2019.
             Was a Believer of Trog.
             Killed from afar by Sigmund (8 damage)
             ... with a puff of flame
             ... on level 3 of the Dungeon.
             The game lasted 00:03:13 (1996 turns).

Blejac999 the Cutter (Kobold Berserker)             Turns: 1996, Time: 00:03:14

Health: 0/33       AC:  2    Str: 14 (15) XL:     5   Next: 13%
Magic:  5/5        EV: 16    Int:  8      God:    Trog [**....]
Gold:   127        SH:  0    Dex: 15      Spells: 4/4 levels left

rFire    . . .     SeeInvis .   a - +0 short sword
rCold    . . .     Gourm    .   (shield restricted)
rNeg     . . .     Faith    .   b - +0 animal skin
rPois    .         Spirit   .   (no helmet)
rElec    .         Reflect  .   (no cloak)
rCorr    .         Harm     .   (no gloves)
MR       .....                  (no boots)
Stlth    ++........             (no amulet)
HPRegen  0.11/turn              (no ring)
MPRegen  0.09/turn              (no ring)

@: berserk cooldown, slowed, very slow
A: small, carnivore
a: Berserk, Trog's Hand, Renounce Religion


You were on level 3 of the Dungeon.
You worshipped Trog.
Trog was pleased with you.
You were completely stuffed.

You visited 1 branch of the dungeon, and saw 3 of its levels.

You collected 127 gold pieces.

Inventory:

Hand Weapons
 a - a +0 short sword (weapon)
Armour
 b - a +0 animal skin (worn)
Scrolls
 d - a scroll of magic mapping
 e - 3 scrolls of remove curse
 g - 2 scrolls of teleportation
 h - 3 scrolls of identify
 i - a scroll of enchant weapon {unknown}
Potions
 j - a potion of haste {unknown}
Comestibles
 c - 4 rations
 f - a chunk of flesh


   Skills:
 + Level 3.9 Fighting
 + Level 5.4 Short Blades
 + Level 2.0 Armour
 + Level 3.3 Dodging
 + Level 2.2 Stealth


You had 4 spell levels left.
You didn't know any spells.
Your spell library was empty.

Dungeon Overview and Level Annotations

Branches:
Dungeon (3/15)

Altars:

Annotations:
D:3 Grinder, Sigmund


Innate Abilities, Weirdness & Mutations

You are small and have problems with some larger weapons.
You are carnivorous and can eat meat at any time.


Message History

a +0 leather armour; a bat corpse; an orc corpse Butcher a bat corpse? [(y)es/(n)o/(a)ll/(q)uit/?]
You butcher the bat corpse.
You feel a strong urge to attack something.
Sigmund the Dreaded comes into view.
He is wielding a +0 scythe, wearing a +2 robe of positive energy and carrying a wand of polymorph (7).
You stop butchering the corpse.
You butcher the orc corpse.
Sigmund zaps a wand.
You resist with some effort.
Items here: %% [ ÷÷ a +0 leather armour; a chunk of flesh; a bat skeleton; 2 chunks of flesh an orc skeleton There isn't anything to butcher here.
There isn't anything to butcher here.
There isn't anything to butcher here.
You feel your anger nearly subside.
You are no longer berserk.
You are exhausted.
You feel yourself slow down.
There is an open door here.
Sigmund casts a spell at you. The puff of flame hits you!
You die...

#####.#.### #.#
...#.....# #.#
#.##....#######.#
##............##.#
#######
#........####.##<#
#......##.########
#..).# ...)...#.#
####.# #⌠...#.#
#.# ##.)#@# ###
#⌠.['.# #...###
.@.....# #.$..[.##
#######


You could see Sigmund.

Vanquished Creatures
  An orc wizard (D:3)
  3 adders (D:2)
  An ooze (D:1)
  3 orcs (D:3)
  A ball python (D:2)
  8 bats
  5 goblins
  7 hobgoblins
  3 jackals (D:2)
  3 kobolds
  2 quokkas
  2 frilled lizards (D:1)
  6 rats
45 creatures vanquished.

Notes
Turn   | Place    | Note
-------+----------+-------------------------------------------
     0 | D:1      | Blejac999 the Kobold Berserker began the quest for the Orb.
     0 | D:1      | Reached XP level 1. HP: 14/14 MP: 1/1
   139 | D:1      | Reached XP level 2. HP: 12/19 MP: 2/2
   752 | D:1      | Reached XP level 3. HP: 23/23 MP: 3/3
   926 | D:2      | Reached skill level 1 in Stealth
  1258 | D:2      | Reached ** piety under Trog
  1421 | D:2      | Reached XP level 4. HP: 28/29 MP: 4/4
  1511 | D:2      | Reached skill level 5 in Short Blades
  1951 | D:3      | Noticed Grinder
  1988 | D:3      | Reached XP level 5. HP: 13/33 MP: 5/5
  1993 | D:3      | Noticed Sigmund
  1996 | D:3      | Killed from afar by Sigmund

Levels and vault maps discovered:
D:1:      eino_arrival_water_star, layout_rooms
D:2:      layout_loops_ring
D:3:      layout_rooms, first_ration, kennysheep_another_room, uniq_grinder,
          uniq_sigmund, uniq_robin

Skill      XL: |  1  2  3  4 |
---------------+-------------+-----
Stealth        | 1 2 |  2.2
Armour         | 2 |  2.0
Short Blades   | 5 |  5.4
Dodging        | 3 |  3.3
Fighting       | |  3.9

Action                   |  1- 3 |  4- 6 || total
-------------------------+-------+-------++-------
Melee: Short sword       |   108 |    46 ||   154
Invok: Berserk           |     2 |     2 ||     4
  Use: Scroll            |     7 |       ||     7
       Potion            |     3 |       ||     3
 Stab: Sleeping          |     3 |     2 ||     5
  Eat: Chunk             |    12 |     3 ||    15
Armor: Animal skin       |     6 |     9 ||    15
Dodge: Dodged            |    80 |    34 ||   114
